 Dungeon Sprint DCSS version 0.19-a0-722-g27ac516 (webtiles) character file.

11400000 wvc the Axe Maniac (level 27, -9/249 HPs)
             Began as a Demonspawn Gladiator on June 21, 2016.
             Was the Champion of Makhleb.
             Killed from afar by a scourge (73 damage)
             ... with a poison arrow
             ... in the Dungeon (Sprint VIII: "Arena of Blood").
             The game lasted 00:07:28 (114 turns).

wvc the Axe Maniac (Demonspawn Gladiator)            Turns: 114, Time: 00:07:29

Health: -9/249     AC: 20    Str: 24    XL:     27
Magic:  54/54      EV: 43    Int: 10    God:    Makhleb [******]
Gold:   0          SH:  0    Dex: 28    Spells: 0 memorised, 80 levels left

rFire  . . .     SeeInvis .     l - +∞ Axe of Woe
rCold  . . .     Gourm    .     b - +0 leather armour
rNeg   + . .     Faith    .     (shield currently unavailable)
rPois  .         Spirit   .     c - +0 helmet
rElec  .         Dismiss  .     (no cloak)
rCorr  .         Reflect  .     (gloves unavailable)
SustAt .         Harm     .     (no boots)
MR     ++...     NoTele   +     (no amulet)
Stlth  ++++++++++               (no ring)
                                (no ring)

@: mighty, agile, lethally poisoned (-9 -> -34), sanguine armour, very resistant
to hostile enchantments, uncannily stealthy
A: claws 3, demonic guardian 3, negative energy resistance 1, powered by pain 3,
50% torment resistance, black mark, sanguine armour 3
a: Minor Destruction, Lesser Servant of Makhleb, Major Destruction, Greater
Servant of Makhleb, Renounce Religion


You were in the Dungeon.
You worshipped Makhleb.
Makhleb was exalted by your worship.
You were not hungry.

You visited 1 branch

Inventory:

Hand Weapons
 a - a +0 war axe
 l - the +∞ Axe of Woe (weapon)
   (You found it in the Dungeon)
Missiles
 d - 3 throwing nets (quivered)
Armour
 b - a +0 leather armour (worn)
 c - a +0 helmet (worn)
Scrolls
 k - a scroll of blinking
Potions
 e - a potion of curing
 g - a potion of heal wounds
 h - a potion of haste
 i - 2 potions of magic
 j - a potion of berserk rage
Comestibles
 f - a bread ration


   Skills:
 O Level 27 Fighting
 O Level 27 Axes
 O Level 27 Throwing
 O Level 27 Armour
 O Level 27 Dodging
 O Level 27 Stealth
 O Level 27 Unarmed Combat
 O Level 27 Spellcasting
 O Level 27 Invocations


You had 80 spell levels left.
You didn't know any spells.

Dungeon Overview and Level Annotations

Branches:
Dungeon (1/1)

Altars:
Makhleb


Innate Abilities, Weirdness & Mutations

You have claws for hands.
A powerful demonic guardian rushes to your aid.
You resist negative energy. (rN+)
You are powered by pain.
You are somewhat able to resist unholy torments (1 in 2 success).
Your melee attacks may debilitate your foes.
When seriously injured, your bleeding wounds create very thick armour. (AC +12)


Message History

You are poisoned.
You hear a shout! x3
The meat berserker hits your balrug with a +9 battleaxe!!!
You hear a shout!
You hear an angry hiss.
An eight-headed meat hydra comes into view.
You are engulfed in roaring flames.
You feel sick.
You hear a shout! x3
The eight-headed meat hydra calls on the powers of darkness!
The eight-headed meat hydra convulses!
The scourge convulses!
Your body is wracked with pain!
* * * LOW HITPOINT WARNING * * *
You focus on the pain.
You feel more agile all of a sudden.
The meat berserker convulses!
Something bites you but does no damage.
You hear a shout!
The scourge is engulfed in poison gas.
The scourge is poisoned.
The scourge throws poison arrow at you. The poison arrow hits you!
You are more poisoned.
You die...

...... ..... ..
#...o .# .. #...
..# ...###...
.%###.
........###......
#.....§§§§O..O..
#§§2..# #@§§†_#
#§§.%.#
...§§§).....
...D.S###......
.o###... ..###. .
#... ..# #... .#
..%%. ..


You could see an eight-headed meat hydra, a scourge, 2 meat berserkers and a
friendly balrug.

Vanquished Creatures
  5 hell beasts (D)
  Edmund (D)
  2 greater mummies (D)
  4 wraiths (D)
  17 vampire knights (D)
  3 liches (D)
  46 orcs (D)
  2 phantoms (D)
  8 hill giants (D)
  4 skeletal warriors (D)
  6 large abominations (D)
  11 small abominations (D)
  3 crawling corpses (D)
  40 ogres (D)
152 creatures vanquished.

Vanquished Creatures (others)
  Harold (D)
  A hydra (D)
  3 orcs (D)
  A crawling corpse (D)
6 creatures vanquished.

Grand Total: 158 creatures vanquished

Notes
Turn   | Place    | Note
--------------------------------------------------------------
     0 | D        | wvc the Demonspawn Gladiator began the quest for the Orb.
     0 | D        | Reached XP level 1. HP: 16/16 MP: 1/1
     2 | D        | Noticed a bag of meat
     3 | D        | Became a worshipper of Makhleb the Destroyer
     7 | D        | Noticed a meat berserker
     8 | D        | Noticed a meat berserker
     9 | D        | Killed a meat berserker
     9 | D        | Reached skill level 27 in Axes
     9 | D        | Gained mutation: You sometimes gain a little power by taking damage. [demonic ancestry]
     9 | D        | Reached XP level 2. HP: 24/24 MP: 2/2
     9 | D        | Reached XP level 3. HP: 29/29 MP: 3/3
     9 | D        | Gained mutation: You have sharp fingernails. [demonic ancestry]
     9 | D        | Reached XP level 4. HP: 36/36 MP: 4/4
     9 | D        | Reached XP level 5. HP: 41/41 MP: 5/5
     9 | D        | Gained mutation: A weak demonic guardian rushes to your aid. [demonic ancestry]
     9 | D        | Reached XP level 6. HP: 47/47 MP: 6/6
     9 | D        | Gained mutation: You sometimes gain power by taking damage. [demonic ancestry]
     9 | D        | Reached XP level 7. HP: 52/52 MP: 7/7
     9 | D        | Gained mutation: A demonic guardian rushes to your aid. [demonic ancestry]
     9 | D        | Reached XP level 8. HP: 59/59 MP: 8/8
     9 | D        | Reached XP level 9. HP: 64/64 MP: 9/9
     9 | D        | Gained mutation: When seriously injured, your bleeding wounds create armour. (AC +12) [demonic ancestry]
     9 | D        | Reached XP level 10. HP: 70/70 MP: 10/10
     9 | D        | Gained mutation: You have very sharp fingernails. [demonic ancestry]
     9 | D        | Reached XP level 11. HP: 75/75 MP: 11/11
     9 | D        | Reached XP level 12. HP: 82/82 MP: 12/12
     9 | D        | Gained mutation: You resist negative energy. (rN+) [demonic ancestry]
     9 | D        | Reached XP level 13. HP: 87/87 MP: 13/13
    10 | D        | Noticed a bag of meat
    11 | D        | Killed a meat berserker
    11 | D        | Reached * piety under Makhleb
    11 | D        | Gained mutation: You have claws for hands. [demonic ancestry]
    11 | D        | Reached XP level 14. HP: 113/113 MP: 14/14
    12 | D        | Noticed a meat berserker
    13 | D        | Noticed a bag of meat
    14 | D        | Noticed a meat berserker
    14 | D        | Killed a meat berserker
    14 | D        | Reached XP level 15. HP: 127/127 MP: 15/15
    15 | D        | Noticed a meat berserker
    15 | D        | Noticed a meat berserker
    16 | D        | Noticed a meat berserker
    16 | D        | Noticed a meat berserker
    16 | D        | Killed a meat berserker
    16 | D        | Reached ** piety under Makhleb
    17 | D        | Killed a meat berserker
    17 | D        | Reached skill level 27 in Dodging
    17 | D        | Gained mutation: You are somewhat able to resist unholy torments (1 in 2 success). [demonic ancestry]
    17 | D        | Reached XP level 16. HP: 157/157 MP: 16/16
    17 | D        | Killed a meat berserker
    17 | D        | Reached *** piety under Makhleb
    17 | D        | Reached skill level 27 in Fighting
    17 | D        | Reached XP level 17. HP: 174/174 MP: 17/17
    18 | D        | Noticed a meat berserker
    20 | D        | Noticed a meat berserker
    20 | D        | Killed a meat berserker
    20 | D        | Reached **** piety under Makhleb
    20 | D        | Gained mutation: When seriously injured, your bleeding wounds create thick armour. (AC +12) [demonic ancestry]
    20 | D        | Reached XP level 18. HP: 182/182 MP: 18/18
    21 | D        | Killed a meat berserker
    21 | D        | Reached skill level 27 in Armour
    21 | D        | Killed a meat berserker
    21 | D        | Reached ***** piety under Makhleb
    21 | D        | Gained mutation: You are powered by pain. [demonic ancestry]
    21 | D        | Reached XP level 19. HP: 189/189 MP: 18/36
    21 | D        | Reached skill level 27 in Invocations
    22 | D        | Noticed a large bag of meat
    22 | D        | Noticed a large bag of meat
    22 | D        | Killed a meat berserker
    24 | D        | Noticed a meat berserker
    24 | D        | Reached skill level 27 in Stealth
    24 | D        | Reached XP level 20. HP: 197/197 MP: 18/37
    26 | D        | Reached ****** piety under Makhleb
    27 | D        | Noticed a meat berserker
    30 | D        | Noticed a meat berserker
    30 | D        | Killed a meat berserker
    30 | D        | Reached skill level 27 in Unarmed Combat
    30 | D        | Reached XP level 21. HP: 204/204 MP: 38/38
    31 | D        | Noticed a destroyer
    32 | D        | Noticed a destroyer
    33 | D        | Killed a destroyer
    33 | D        | Reached skill level 27 in Throwing
    34 | D        | Reached XP level 22. HP: 212/212 MP: 38/44
    35 | D        | Killed a destroyer
    35 | D        | Reached skill level 27 in Spellcasting
    35 | D        | Gained mutation: When seriously injured, your bleeding wounds create very thick armour. (AC +12) [demonic ancestry]
    35 | D        | Reached XP level 23. HP: 219/219 MP: 38/54
    35 | D        | Noticed a destroyer
    38 | D        | Gained mutation: A powerful demonic guardian rushes to your aid. [demonic ancestry]
    38 | D        | Reached XP level 24. HP: 227/227 MP: 39/54
    42 | D        | Noticed a destroyer
    43 | D        | Killed a destroyer
    43 | D        | Killed a destroyer
    45 | D        | Noticed a destroyer
    45 | D        | Reached XP level 25. HP: 234/234 MP: 54/54
    46 | D        | Noticed a destroyer
    48 | D        | Noticed a destroyer
    48 | D        | Killed a destroyer
    48 | D        | Reached XP level 26. HP: 242/242 MP: 54/54
    49 | D        | Noticed a tyrant
    51 | D        | Noticed a destroyer
    51 | D        | Noticed a destroyer
    51 | D        | Gained mutation: Your melee attacks may debilitate your foes. [demonic ancestry]
    51 | D        | Reached XP level 27. HP: 249/249 MP: 54/54
    52 | D        | Noticed a destroyer
    53 | D        | Killed a tyrant
    53 | D        | Killed a destroyer
    56 | D        | Noticed a destroyer
    56 | D        | Killed a destroyer
    57 | D        | Killed a destroyer
    59 | D        | Noticed an accursed
    59 | D        | Killed a destroyer
    60 | D        | Noticed a destroyer
    61 | D        | Killed a destroyer
    63 | D        | Noticed a dread
    67 | D        | Killed a destroyer
    69 | D        | Noticed a meat beast
    69 | D        | Noticed a tyrant
    70 | D        | Noticed a destroyer
    72 | D        | Noticed an accursed
    72 | D        | Killed a meat beast
    72 | D        | Killed an accursed
    73 | D        | Noticed a destroyer
    73 | D        | Killed a destroyer
    74 | D        | Killed a destroyer
    78 | D        | Killed a dread
    79 | D        | Killed a destroyer
    81 | D        | Noticed a destroyer
    81 | D        | Killed an accursed
    81 | D        | Killed a tyrant
    83 | D        | Noticed a meat beast
    85 | D        | Noticed a meat beast
    86 | D        | Killed a destroyer
    87 | D        | Killed a meat beast
    89 | D        | Noticed a meat beast
    89 | D        | Noticed a meat beast
    90 | D        | Noticed The Servant
    91 | D        | Noticed a tyrant
    91 | D        | Killed a meat beast
    91 | D        | Killed a meat beast
    93 | D        | Noticed a dread
    94 | D        | Killed a meat beast
    96 | D        | Noticed a dread
    97 | D        | Noticed a dread
   101 | D        | Killed The Servant
   102 | D        | Noticed a destroyer
   103 | D        | Noticed The Defiler
   103 | D        | Noticed a tyrant
   104 | D        | Killed a tyrant
   104 | D        | Killed a destroyer
   105 | D        | Killed a dread
   105 | D        | Killed a dread
   106 | D        | Killed a dread
   107 | D        | Noticed a destroyer
   107 | D        | Killed The Defiler
   111 | D        | Killed a destroyer
   114 | D        | Killed from afar by a scourge

Vault maps used:
D:        meatsprint

Skill      XL: |  1  2  3  4  5  6  7  8  9 10 11 12 13 14 15 16 17 18 19 20 21 22 |
---------------+-------------------------------------------------------------------+-----
Axes           | 27 | 27.0
Fighting       | 3 11 14 23 27 | 27.0
Dodging        | 6 18 22 27 | 27.0
Armour         | 23 27 | 27.0
Invocations    | 26 27 | 27.0
Stealth        | 27 | 27.0
Unarmed Combat | 3 27 | 27.0
Throwing       | 14 27 | 27.0
Spellcasting   | 18 27 | 27.0

Action                   |  1- 3 |  4- 6 |  7- 9 | 10-12 | 13-15 | 16-18 | 19-21 | 22-24 | 25-27 || total
-------------------------+-------+-------+-------+-------+-------+-------+-------+-------+-------++-------
Melee: Executioner's axe |     1 |       |       |       |     4 |     3 |    10 |     9 |    54 ||    81
Armor: Leather armour    |       |       |       |       |       |       |       |       |     4 ||     4
Dodge: Dodged            |       |       |       |       |       |       |     1 |       |    10 ||    11
